 Dungeon Crawl Stone Soup version 0.17.0-24-gcfadda4 (console) character file.

9 jw the Ducker (level 2, 0/21 HPs)
             Began as an Octopode Berserker on Nov 15, 2015.
             Was a Follower of Trog.
             Slain by a giant newt (2 damage)
             ... on level 1 of the Dungeon.
             The game lasted 00:01:49 (242 turns).

jw the Ducker (Octopode Berserker)                   Turns: 242, Time: 00:01:49

Health: 0/21       AC:  1    Str: 16    XL:     2   Next: 16%
Magic:  2/2        EV: 13    Int:  9    God:    Trog [*.....]
Gold:   22         SH:  0    Dex: 11    Spells: 0 memorised, 1 level left

rFire  . . .     SeeInvis .     a - +0 short sword
rCold  . . .     Clarity  .     (no shield)
rNeg   . . .     SustAt   .     (helmet restricted)
rPois  .         Gourm    .     (no amulet)
rElec  .         Spirit   .     (no ring)
rCorr  .         Warding  .     (no ring)
rMut   .         Stasis   .     (no ring)
MR     .....                    (no ring)
Stlth  +++.......               (no ring)
                                (no ring)
                                (no ring)
                                (no ring)

@: not resistant to hostile enchantments, fairly stealthy
A: almost no armour, amphibious, 8 rings, constrict 8, camouflage 1, gelatinous
body 1
a: Berserk, Burn Spellbooks, Renounce Religion


You were on level 1 of the Dungeon.
You worshipped Trog.
Trog was aware of your devotion.
You were not hungry.

You visited 1 branch of the dungeon, and saw 1 of its levels.

You collected 22 gold pieces.

Inventory:

Hand Weapons
 a - a +0 short sword (weapon)
Missiles
 d - 34 stones (quivered)
Scrolls
 c - a scroll of amnesia {unknown}
 e - a scroll of enchant armour {unknown}
Potions
 f - a potion of curing {unknown}
Comestibles
 b - a bread ration


   Skills:
 + Level 3.1 Fighting
 * Level 3.1 Short Blades
 + Level 0.4 Throwing
 + Level 3.1 Dodging
 * Level 1.1 Stealth


You had one spell level left.
You didn't know any spells.

Dungeon Overview and Level Annotations

Branches:
Dungeon (1/15)

Altars:


Innate Abilities, Weirdness & Mutations

You cannot wear most types of armour.
You are amphibious.
You can wear up to eight rings at the same time.
You can use your tentacles to constrict eight enemies at once.
Your skin changes colour to match your surroundings (Stealth).
Your rubbery body absorbs attacks (AC +1).


Message History

The jackal closely misses you. The kobold hits you with a dagger.
MOVING TO (5,4)
The jackal misses you.
MOVING TO (4,3)
The jackal bites you.
MOVING TO (3,3) MOVING TO (2,3)
The jackal barely misses you.
MOVING TO (2,2)
The jackal barely misses you.
MOVING TO (1,1) MOVING TO (-1,-4)
The kobold hits you with a dagger. The jackal closely misses you.
MOVING TO (-1,-3)
The jackal bites you. The kobold misses you. The jackal closely misses you.
MOVING TO (-1,-2)
The kobold closely misses you. The jackal closely misses you.
MOVING TO (-1,-1)
The giant newt bites you.
You die...

...####..##....#......##....###
......(.....##........#...###
#.........?......>.##..#
##........#...#(..##..# ###
.#..##....##.#..(#.#...## #..
s...###)..##.#...#...........#
......#...............########
..........#............# #.
.............x.........# #.
..##........Klh%.......# ###.
#..#.#....h........#####...
#...#.....h.................
#..#?#..##..#.[...########...
...#....###.####...# ####....
... ..####..# ##..# #.%..... ..
##. #..# #.......###... # ...#
.....## #...


You could see 3 jackals, a kobold and a giant newt.

Table legend:
 A = Turns spent in this place as a percentage of turns spent in the entire game.
 B = Non-inter-level travel turns spent in this place as a percentage of non-inter-level travel turns spent in the entire game.
 C = Inter-level travel turns spent in this place as a percentage of turns spent in this place.
 D = Turns resting spent in this place as a percentage of non-inter-level travel turns spent in this place.
 E = Turns spent auto-exploring this place as a percentage of non-inter-level travel turns spent in this place.
 F = Non-inter-level travel turns spent in this place divided by the number of levels of this place that you've seen.
                   A       B       C       D       E      F
               +-------+-------+-------+-------+-------+----------------------
         Total | 100.0 | 100.0 |   0.0 |   0.2 |   2.0 | 842.0
       Dungeon | 100.0 | 100.0 |   0.0 |   0.2 |   2.0 | 842.0
               +-------+-------+-------+-------+-------+----------------------

Table legend:
 A = Kills in this place as a percentage of kills in entire the game.
 B = Kills by you in this place as a percentage of kills by you in the entire game.
 C = Kills by friends in this place as a percentage of kills by friends in the entire game.
 D = Other kills in this place as a percentage of other kills in the entire game.
 E = Experience gained in this place as a percentage of experience gained in the entire game.
 F = Experience gained in this place divided by the number of levels of this place that you have seen.
                   A       B       C       D       E      F
               +-------+-------+-------+-------+-------+----------------------
         Total | 100.0 | 100.0 |  -nan |  -nan | 100.0 |  14.0
       Dungeon | 100.0 | 100.0 |  -nan |  -nan | 100.0 |  14.0
               +-------+-------+-------+-------+-------+----------------------

Vanquished Creatures
  A giant gecko (D:1)
  2 hobgoblins (D:1)
  A jackal (D:1)
  2 bats (D:1)
  3 rats (D:1)
9 creatures vanquished.

Notes
Turn   | Place    | Note
--------------------------------------------------------------
     0 | D:1      | jw the Octopode Berserker began the quest for the Orb.
     0 | D:1      | Reached XP level 1. HP: 16/16 MP: 1/1
   126 | D:1      | Reached skill level 1 in Stealth
   126 | D:1      | Reached XP level 2. HP: 19/21 MP: 2/2
   242 | D:1      | Slain by a giant newt

Action                   || total
-------------------------++-------
Melee: Short sword       ||    14
Throw: Stone             ||     5
 Stab: Sleeping          ||     2

Vault maps used:
D:1:      mrwooster_arrival_statue_3
